 Dungeon Crawl Stone Soup version 0.31-a0-152-g6aa68a64a1 (webtiles) character file.

Game seed: 8487059410673068126

3572 qw the Skirmisher (level 9, -5/81 HPs)
             Began as a Minotaur Hunter on June 9, 2023.
             Slain by a yak (12 damage)
             ... on level 8 of the Dungeon.
             The game lasted 00:03:07 (6442 turns).

qw the Skirmisher (Minotaur Hunter)                 Turns: 6442, Time: 00:03:07

Health: -5/81      AC: 13    Str: 17    XL:     9   Next: 84%
Magic:  8/8        EV: 14    Int:  6    God:
Gold:   471        SH:  0    Dex: 17    Spells: 8/8 levels left

rFire   . . .        c - +0 orcbow
rCold   . . .        (shield currently unavailable)
rNeg    . . .        b - +0 steam dragon scales
rPois   .            (helmet restricted)
rElec   .            (no cloak)
rCorr   .            m - +2 pair of gloves
SInv    +            (no boots)
Will    .....        (no amulet)
Stlth   ++           j - ring of see invisible
HPRegen 0.33/turn    f - +4 ring of protection
MPRegen 0.11/turn

%: no passive effects
@: no status effects
A: horns 2, retaliatory headbutt
a: no special abilities


You were on level 8 of the Dungeon.
You visited 2 branches of the dungeon, and saw 10 of its levels.
You also visited: Ossuary.

You collected 660 gold pieces.
You spent 189 gold pieces at shops.


Innate Abilities, Weirdness & Mutations

You have a pair of horns on your head.
You reflexively headbutt those who attack you in melee.


   Skills:
 - Level 8.0 Fighting
 - Level 12.4 Ranged Weapons
 - Level 6.1 Armour
 + Level 5.1 Dodging
 - Level 0.7 Stealth


You had 8 spell levels left.
You didn't know any spells.
Your spell library was empty.

Inventory:

Hand Weapons
 c - a +0 orcbow (weapon)
Armour
 b - +0 steam dragon scales (worn)
 m - a +2 pair of gloves (worn)
Jewellery
 f - a +4 ring of protection (right hand)
 j - a ring of see invisible (left hand)
 l - a +4 ring of slaying {mikee}
Scrolls
 a - 2 scrolls of identify
Potions
 d - a potion of haste
 e - 2 potions of resistance
 g - 3 potions of curing
 h - 2 potions of might

Dungeon Overview and Level Annotations

Branches:
Dungeon (9/15)             Temple (1/1) D:5         Ossuary (visited)
   Lair: D:8-11         Orc: D:9-12

Altars:
Ashenzari
Cheibriados
Dithmenos
Elyvilon
Fedhas
Gozag
Hepliaklqana
Kikubaaqudgha
Makhleb
Nemelex Xobeh
Qazlal
Ru
Sif Muna
Trog
Vehumet
Wu Jian
Xom
Yredelemnul
Zin
The Shining One

Shops:
D:3 ?


Message History

Enter note:
Enter note:
Enter note:
Enter note:
Enter note:
Enter note:
Enter note:
Enter note:
Enter note:
Enter note:
Enter note:
Enter note:
Enter note:
Enter note:
Enter note: You shoot an arrow.
The arrow hits the yak!
The yak is severely wounded.
The water moccasin bites you but does no damage.
The yak gores you! The water moccasin bites you. The yak barely misses you.
The yak closely misses you. The yak misses you.
You shoot an arrow. The arrow hits the yak.
The yak is almost dead.
The water moccasin misses you.
You shoot an arrow. The arrow closely misses the yak.
The yak gores you! The yak barely misses you. The yak closely misses you.
The yak gores you but does no damage. The water moccasin barely misses you.
You shoot an arrow. The arrow completely misses the yak.
The water moccasin barely misses you. The yak gores you.
The yak gores you but does no damage. The yak gores you!
The yak gores you but does no damage.
You shoot an arrow. The arrow hits the yak.
The yak is almost dead.
The water moccasin bites you but does no damage.
The yak barely misses you. x2; You furiously retaliate!
You headbutt the yak. The yak misses you. The yak gores you but does no damage.
You shoot an arrow. The arrow hits the yak.
You kill the yak!
The water moccasin bites you but does no damage.
The yak gores you! The yak misses you. The yak gores you!
You die...

#............!#...#####~~......P
#.............#...# #...77.77.
#.................# #P.77..P77
###...............#####7.7P...P7
#...............#....#7P..._...
#...............#....#7.7P...P7
#....................#P.77P.P77
###.....#....#Y.S.......P.77.77P
#.......#....#.@Y......~~P..P...
#.......#.####.Y.......~~.P777..
#....##.......#.............#...
#....##)......#.......#.........
#....##.......#...#####....###..
#.....#.......#.........b..####.
#.....#......##.............# #.
#.....#......##.............####
#.....#......##))..!...#......##


You could see 3 yaks and a water moccasin.

Vanquished Creatures
  A two-headed ogre (D:7)
  Sigmund (D:5)
  A yak (D:8)
  3 steam dragons
  Menkaure (D:5)
  2 black bears
  2 ice beasts (D:7)
  A sky beast (D:7)
  2 centaurs
  2 kobold brigands
  2 bullfrogs
  A gnoll sergeant (D:7)
  3 scorpions
  7 wights
  3 hounds
  A gnoll bouda (D:6)
  4 orc priests
  4 iguanas
  5 orc wizards (D:7)
  8 mummies (Ossuary)
  11 gnolls
  8 adders
  A shadow imp (D:5)
  2 white imps
  An ufetubus (D:4)
  2 worms (D:3)
  3 dart slugs
  14 orcs
  6 bats
  6 endoplasms
  6 giant cockroaches
  6 goblins
  12 hobgoblins
  4 jackals (D:1)
  2 quokkas
  10 ball pythons
  4 frilled lizards
  A gnoll zombie (Ossuary)
  3 hobgoblin zombies (Ossuary)
  19 kobolds
  3 kobold zombies (Ossuary)
  An orc zombie (Ossuary)
  5 rats
184 creatures vanquished.

Notes
Turn   | Place    | Note
-------+----------+-------------------------------------------
     0 | D:1      | qw the Minotaur Hunter began the quest for the Orb.
     0 | D:1      | Reached XP level 1. HP: 18/18 MP: 0/0
     0 | D:1      | 0 ||| qw: Version: 0.2-a-121-gba3a3e5
     0 | D:1      | 0 ||| qw: Game counter: 3218
     0 | D:1      | 0 ||| qw: Always use a shield: true
     0 | D:1      | 0 ||| qw: God list: Okawaru
     0 | D:1      | 0 ||| qw: Allow faded altars: false
     0 | D:1      | 0 ||| qw: Do Orc after D:15 true
     0 | D:1      | 0 ||| qw: Do second Lair branch before Depths: true
     0 | D:1      | 0 ||| qw: Lair rune preference: random
     0 | D:1      | 0 ||| qw: Plans: Normal
     0 | D:1      | 0 ||| PLANNING D:1-11
   206 | D:1      | Reached XP level 2. HP: 24/25 MP: 1/1
   280 | D:1      | Reached skill level 5 in Ranged Weapons
   349 | D:1      | 349 ||| FLEEEEING.
   350 | D:1      | 350 ||| FLEEEEING.
   351 | D:1      | 351 ||| FLEEEEING.
   484 | D:1      | Reached skill level 3 in Fighting
   543 | D:1      | Reached XP level 3. HP: 29/31 MP: 2/2
   787 | D:1      | 787 ||| READING scroll labelled CIRYHA AMEAN.
   788 | D:1      | 788 ||| READING scroll labelled FUXALL WAMALIL.
   789 | D:1      | 789 ||| DROPPING scroll of butterflies.
   821 | D:2      | Found a faded altar of an unknown god.
  1027 | D:2      | Reached skill level 6 in Ranged Weapons
  1027 | D:2      | Reached XP level 4. HP: 35/38 MP: 3/3
  1447 | D:2      | 1447 ||| UPGRADING to +0 ring mail.
  1457 | D:2      | 1457 ||| DROPPING +0 leather armour.
  1458 | D:2      | 1458 ||| READING scroll labelled ZEHUJY MUVION.
  1459 | D:2      | 1459 ||| READING scroll labelled BUNUEBREXT.
  1460 | D:2      | 1460 ||| DRINKING 2 glowing purple potions.
  1461 | D:2      | 1461 ||| DRINKING 2 dark potions.
  1503 | D:3      | 1503 ||| READING scroll of enchant weapon.
  1503 | D:3      | 1503 ||| ENCHANTING +1 shortbow.
  1573 | D:3      | Reached skill level 1 in Armour
  1701 | D:3      | Found a glowing golden altar of the Shining One.
  1753 | D:3      | Found an ornate altar of the Wu Jian Council.
  1768 | D:3      | Found a glowing silver altar of Zin.
  1798 | D:3      | Found Teyts's Magic Scroll Shop.
  1820 | D:3      | 1820 ||| BUYING scroll of enchant armour (105 gold).
  1820 | D:3      | Bought a scroll of enchant armour for 105 gold pieces
  1820 | D:3      | 1820 ||| BUYING scroll of identify (28 gold).
  1820 | D:3      | Bought a scroll of identify for 28 gold pieces
  1820 | D:3      | 1820 ||| BUYING scroll of identify (28 gold).
  1820 | D:3      | Bought a scroll of identify for 28 gold pieces
  1820 | D:3      | 1820 ||| BUYING scroll of identify (28 gold).
  1820 | D:3      | Bought a scroll of identify for 28 gold pieces
  1917 | D:3      | 1917 ||| UPGRADING to ring of resist corrosion.
  1918 | D:3      | 1918 ||| READING scroll labelled OFORYO NUST.
  1919 | D:3      | 1919 ||| READING 4 scrolls of identify.
  1919 | D:3      | 1919 ||| IDENTIFYING sapphire potion
  1920 | D:3      | 1920 ||| READING 3 scrolls of identify.
  1920 | D:3      | 1920 ||| IDENTIFYING ruby potion
  1921 | D:3      | 1921 ||| READING 2 scrolls of identify.
  1921 | D:3      | 1921 ||| IDENTIFYING bubbling clear potion
  1922 | D:3      | 1922 ||| DROPPING potion of lignification.
  1923 | D:3      | 1923 ||| DROPPING potion of attraction.
  1934 | D:4      | 1934 ||| PLANNING OSSUARY
  1941 | D:4      | Found a hazy altar of Hepliaklqana.
  2105 | D:4      | Found a burning altar of Makhleb.
  2163 | D:4      | Reached XP level 5. HP: 46/46 MP: 4/4
  2282 | D:4      | Found a sand-covered staircase.
  2283 | D:4      | 2283 ||| UPGRADING to +4 ring of protection.
  2284 | D:4      | 2284 ||| READING scroll labelled RISTOO MYTRIAT.
  2293 | Ossuary  | Entered an ossuary
  2357 | Ossuary  | Reached skill level 7 in Ranged Weapons
  2450 | Ossuary  | 2450 ||| READING scroll of enchant weapon.
  2450 | Ossuary  | 2450 ||| ENCHANTING +2 shortbow.
  2465 | Ossuary  | 2465 ||| READING scroll labelled NUTARPH TOYMI.
  2468 | Ossuary  | 2468 ||| DRINKING 2 puce potions.
  2469 | Ossuary  | 2469 ||| DRINKING 2 brown potions.
  2470 | Ossuary  | 2470 ||| DRINKING 2 bubbling green potions.
  2471 | Ossuary  | 2471 ||| READING 3 scrolls of identify.
  2471 | Ossuary  | 2471 ||| IDENTIFYING white potion
  2472 | Ossuary  | 2472 ||| READING 2 scrolls of identify.
  2472 | Ossuary  | 2472 ||| IDENTIFYING fuming cyan potion
  2473 | Ossuary  | 2473 ||| DROPPING potion of brilliance.
  2474 | Ossuary  | 2474 ||| DROPPING potion of berserk rage.
  2475 | Ossuary  | 2475 ||| DROPPING potion of degeneration.
  2493 | D:4      | 2493 ||| PLANNING D:1-11
  2818 | D:5      | Entered Level 5 of the Dungeon
  2818 | D:5      | Noticed Menkaure
  2824 | D:5      | Killed Menkaure
  2825 | D:5      | Reached skill level 8 in Ranged Weapons
  2825 | D:5      | Reached XP level 6. HP: 52/52 MP: 5/5
  2827 | D:5      | Found a staircase to the Ecumenical Temple.
  2828 | D:5      | 2828 ||| PLANNING TEMPLE
  2837 | Temple   | Entered the Ecumenical Temple
  2837 | Temple   | Found a transporter.
  2837 | Temple   | Found a transporter.
  2839 | Temple   | Found a transporter.
  2839 | Temple   | Found a transporter.
  2849 | Temple   | 2849 ||| PLANNING D:1-11
  2930 | D:5      | Reached XP level 7. HP: 61/61 MP: 6/6
  3021 | D:5      | Noticed Sigmund
  3035 | D:5      | Killed Sigmund
  3159 | D:5      | Reached skill level 9 in Ranged Weapons
  3388 | D:5      | 3388 ||| UPGRADING to ring of see invisible.
  3390 | D:5      | 3390 ||| READING scroll labelled FOKUIM LAESUECW.
  3433 | D:6      | 3433 ||| Stepping ~*~*~tactically~*~*~ (outnumbered).
  3435 | D:6      | 3435 ||| Stepping ~*~*~tactically~*~*~ (outnumbered).
  3565 | D:6      | Reached skill level 3 in Dodging
  3800 | D:6      | Reached skill level 6 in Fighting
  3800 | D:6      | Reached XP level 8. HP: 70/70 MP: 7/7
  3854 | D:6      | HP: 14/70 [gnoll bouda/+0 club (5)]
  3855 | D:6      | 3855 ||| DRINKING 2 potions of heal wounds.
  3860 | D:6      | HP: 16/70 [gnoll/+0 whip[a gnoll bouda] (4)]
  3861 | D:6      | 3861 ||| DRINKING potion of heal wounds.
  3978 | D:6      | Found a bloodstained altar of Trog.
  4089 | D:6      | 4089 ||| DROPPING ring of magical power.
  4090 | D:6      | 4090 ||| DRINKING 2 glowing green potions.
  4091 | D:6      | 4091 ||| READING 3 scrolls of identify.
  4091 | D:6      | 4091 ||| IDENTIFYING sedimented blue potion
  4092 | D:6      | 4092 ||| READING 2 scrolls of identify.
  4092 | D:6      | 4092 ||| IDENTIFYING bubbling brown potion
  4093 | D:6      | 4093 ||| DROPPING potion of magic.
  4094 | D:6      | 4094 ||| DROPPING potion of invisibility.
  4095 | D:6      | 4095 ||| DROPPING potion of enlightenment.
  4131 | D:7      | 4131 ||| STAIRDANCE
  4173 | D:7      | Reached skill level 10 in Ranged Weapons
  4293 | D:7      | 4293 ||| Stepping ~*~*~tactically~*~*~ (cloud).
  4415 | D:7      | Reached skill level 11 in Ranged Weapons
  4565 | D:7      | 4565 ||| SWAPPING to +0 orcbow.
  4566 | D:7      | 4566 ||| DROPPING +3 shortbow.
  4663 | D:7      | Reached XP level 9. HP: 79/79 MP: 8/8
  4745 | D:7      | 4745 ||| Stepping ~*~*~tactically~*~*~ (outnumbered).
  5013 | D:7      | Found a sacrificial altar of Ru.
  5132 | D:7      | 5132 ||| Stepping ~*~*~tactically~*~*~ (outnumbered).
  5134 | D:7      | Found a shadowy altar of Dithmenos.
  5139 | D:7      | 5139 ||| FLEEEEING.
  5140 | D:7      | 5140 ||| FLEEEEING.
  5141 | D:7      | 5141 ||| FLEEEEING.
  5142 | D:7      | 5142 ||| FLEEEEING.
  5143 | D:7      | 5143 ||| FLEEEEING.
  5144 | D:7      | 5144 ||| FLEEEEING.
  5149 | D:7      | 5149 ||| FLEEEEING.
  5150 | D:7      | 5150 ||| FLEEEEING.
  5152 | D:7      | 5152 ||| FLEEEEING.
  5153 | D:7      | 5153 ||| FLEEEEING.
  5154 | D:7      | 5154 ||| FLEEEEING.
  5155 | D:7      | 5155 ||| FLEEEEING.
  5156 | D:7      | 5156 ||| FLEEEEING.
  5157 | D:7      | 5157 ||| FLEEEEING.
  5158 | D:7      | 5158 ||| FLEEEEING.
  5159 | D:7      | 5159 ||| FLEEEEING.
  5160 | D:7      | 5160 ||| FLEEEEING.
  5162 | D:7      | 5162 ||| FLEEEEING.
  5186 | D:7      | 5186 ||| FLEEEEING.
  5187 | D:7      | 5187 ||| FLEEEEING.
  5188 | D:7      | 5188 ||| FLEEEEING.
  5189 | D:7      | 5189 ||| FLEEEEING.
  5190 | D:7      | 5190 ||| FLEEEEING.
  5191 | D:7      | 5191 ||| FLEEEEING.
  5192 | D:7      | 5192 ||| FLEEEEING.
  5193 | D:7      | 5193 ||| FLEEEEING.
  5197 | D:7      | 5197 ||| FLEEEEING.
  5200 | D:7      | 5200 ||| FLEEEEING.
  5201 | D:7      | 5201 ||| STAIRDANCE
  5232 | D:6      | 5232 ||| UPGRADING to +0 pair of gloves.
  5237 | D:6      | 5237 ||| READING 2 scrolls of enchant armour.
  5237 | D:6      | 5237 ||| ENCHANTING +0 pair of gloves.
  5238 | D:6      | 5238 ||| READING scroll of enchant armour.
  5238 | D:6      | 5238 ||| ENCHANTING +1 pair of gloves.
  5239 | D:6      | 5239 ||| DRINKING 2 fuming sapphire potions.
  5240 | D:6      | 5240 ||| DRINKING 4 potions of curing.
  5240 | D:6      | 5240 ||| (to cure confusion)
  5241 | D:6      | 5241 ||| DROPPING potion of ambrosia.
  5383 | D:8      | Noticed a two-headed ogre
  5390 | D:8      | 5390 ||| STAIRDANCE
  5397 | D:7      | Killed a two-headed ogre
  5398 | D:7      | Reached skill level 6 in Armour
  5611 | D:8      | Reached skill level 12 in Ranged Weapons
  5715 | D:8      | Found a white marble altar of Elyvilon.
  6362 | D:8      | 6362 ||| UPGRADING to +0 steam dragon scales.
  6372 | D:8      | 6372 ||| DROPPING +0 ring mail.
  6373 | D:8      | 6373 ||| DROPPING ring of resist corrosion.
  6427 | D:9      | Noticed a two-headed ogre
  6435 | D:9      | 6435 ||| STAIRDANCE
  6440 | D:8      | HP: 14/81 [yak (10)]
  6442 | D:8      | Slain by a yak

Levels and vault maps discovered:
D:1:      dpeg_chamrin_arrival_tetris, layout_loops_ring, serial_park_tiny_1
D:2:      layout_loops_ring, ebering_ecumenical_altar_sacrificial
D:3:      layout_basic, tso_oasis_becter, mainiacjoe_overflow_big_doors,
          serial_shops, shop
D:4:      layout_loops_ring, mainiacjoe_overflow_catwalk,
          nicolae_hepliaklqana_hazy_memory, nicolae_ossuary_entry_monument
D:5:      layout_rooms, minmay_temple_entry_statues_fountains, uniq_sigmund,
          uniq_menkaure
D:6:      layout_gridville, old_standard_altar
D:7:      layout_gridville, nicolae_dithmenos_shadow_blocks,
          nicolae_ru_awakened_eye
D:8:      layout_basic, nicolae_elyvilon_peaceful_grove
D:9:      layout_rooms, nicolae_uskayaw_dance_hall,
          ebering_ghost_reflecting_pool, kennysheep_generic_room_4,
          uniq_prince_ribbit1
Temple:   hellmonk_temple_divided_pantheon

Skill      XL: |  1  2  3  4  5  6  7  8  9 |
---------------+----------------------------+-----
Ranged Weapons | 5 6 8 9 11 12 | 12.4
Fighting       | 3 4 5 6 7 8 |  8.0
Armour         | 1 2 6 |  6.1
Dodging        | 3 4 5 |  5.1
Stealth        | |  0.7

Action                     |  1- 3 |  4- 6 |  7- 9 || total
---------------------------+-------+-------+-------++-------
   Fire: Shortbow          |   106 |   188 |   155 ||   449
         Orcbow            |       |       |   215 ||   215
    Use: Scroll            |     2 |    12 |     5 ||    19
         Potion            |       |     5 |     5 ||    10
 Armour: Leather armour    |    10 |     1 |       ||    11
         Ring mail         |       |    27 |    61 ||    88
         Steam dragon scal |       |       |    20 ||    20
  Dodge: Dodged            |    25 |    20 |   126 ||   171

Table legend:
 A = Non-vault XP
 B = Vault XP
 C = Vault XP percentage of total XP
 D = Non-vault monster count
 E = Vault monster count
 F = Vault count percentage of total count
                 A         B        C        D         E       F
            +---------+---------+-------+---------+---------+-------
      Total |    4750 |     553 |  10.4 |     166 |      18 |   9.8
            +---------+---------+-------+---------+---------+-------
        D:1 |      66 |       0 |   0.0 |      37 |       0 |   0.0
        D:2 |      46 |       0 |   0.0 |      14 |       0 |   0.0
        D:3 |      47 |       0 |   0.0 |      16 |       0 |   0.0
        D:4 |      48 |       0 |   0.0 |      15 |       0 |   0.0
        D:5 |     379 |     403 |  51.5 |       8 |       2 |  20.0
        D:6 |     506 |       0 |   0.0 |      19 |       0 |   0.0
        D:7 |    2496 |       0 |   0.0 |      39 |       0 |   0.0
        D:8 |    1161 |       0 |   0.0 |      17 |       0 |   0.0
        D:9 |       1 |       0 |   0.0 |       1 |       0 |   0.0
    Ossuary |       0 |     150 | 100.0 |       0 |      16 | 100.0
            +---------+---------+-------+---------+---------+-------
